General information
- name: BNet
- type: Ladder team game (AT/RT)
- host: Battle.net
- saver: SERIOUSCRAFT
map: TidewaterGlades
- players: 4
- length: 57:33
- speed: Fast
- version: 1.24 W3XP
- replay type: Public
» download(292 KB)
Players
team 1 (loser)

»
Graograman (
blue | 97 APM | 5590 actions | 57:29)
4 Tauren Chieftain
2 Shockwave
2 Endurance Aura
4 Shadow Hunter
2 Healing Wave
2 Hex
» actions
| Assign group hotkey | 40 | |
| Basic commands | 493 | |
| Build / train | 68 | |
| ESC pressed | 19 | |
| Enter build submenu | 59 | |
| Enter hero's abilities submenu | 9 | |
| Right click | 2085 | |
| Select / deselect | 1092 | |
| Select group hotkey | 1569 | |
| Use ability | 156 | |
5590 total
» units
| Peon | 11 | |
| Grunt | 4 | |
| Demolisher | 7 | |
| Troll Batrider | 22 | |
| Raider | 1 | |
45 total
» upgrades
| Burning Oil | 1 | |
| Reinforced Defenses | 1 | |
| Ensnare | 1 | |
3 total
» buildings
| Altar of Storms | 1 | |
| Orc Burrow | 6 | |
| Barracks | 2 | |
| Voodoo Lounge | 1 | |
| Stronghold | 1 | |
| War Mill | 1 | |
| Fortress | 1 | |
| Beastiary | 1 | |
| Watch Tower | 35 | |
| Great Hall | 3 | |
52 total
» build order
00:08 Altar of Storms
00:13 Orc Burrow
00:48 Barracks
01:34 Orc Burrow
02:20 Voodoo Lounge
03:15 Stronghold
03:55 Orc Burrow
04:05 War Mill
05:40 Fortress
06:02 Barracks
06:24 Orc Burrow
07:31 Beastiary
08:30 Orc Burrow
08:34 Watch Tower
09:30 Watch Tower
10:18 Watch Tower
10:20 Watch Tower
17:56 Watch Tower
17:59 Orc Burrow
21:09 Watch Tower
21:11 Watch Tower
21:13 Watch Tower
22:02 Watch Tower
22:18 Watch Tower
22:47 Watch Tower
23:49 Watch Tower
23:51 Watch Tower
23:53 Watch Tower
24:29 Watch Tower
24:36 Watch Tower
27:31 Watch Tower
27:33 Watch Tower
27:51 Watch Tower
28:34 Watch Tower
28:39 Watch Tower
28:49 Watch Tower
31:21 Watch Tower
31:22 Watch Tower
38:35 Great Hall
42:24 Great Hall
42:30 Watch Tower
43:16 Watch Tower
43:17 Watch Tower
43:18 Watch Tower
45:05 Watch Tower
45:07 Watch Tower
45:08 Watch Tower
45:50 Watch Tower
45:58 Watch Tower
46:03 Watch Tower
46:06 Watch Tower
54:28 Great Hall
» items
| Lesser Clarity Potion | 2 | |
| Healing Salve | 3 | |
| Potion of Healing | 2 | |
| Tiny Great Hall | 1 | |
8 total

»
RandomioCuevas (
teal | 124 APM | 7140 actions | 57:31)
5 Demon Hunter
3 Mana Burn
2 Evasion
4 Keeper of the Grove
2 Entangling Roots
2 Force of Nature
» actions
| Assign group hotkey | 79 | |
| Basic commands | 369 | |
| Build / train | 131 | |
| ESC pressed | 29 | |
| Enter build submenu | 46 | |
| Enter hero's abilities submenu | 10 | |
| Remove unit from queue | 1 | |
| Right click | 2424 | |
| Select / deselect | 859 | |
| Select group hotkey | 2998 | |
| Use ability | 194 | |
7140 total
» units
| Wisp | 30 | |
| Archer | 23 | |
| Huntress | 2 | |
| Glaive Thrower | 5 | |
| Dryad | 9 | |
| Mountain Giant | 4 | |
| Druid of the Claw | 2 | |
| Hippogryph | 24 | |
| Chimaera | 3 | |
| Goblin Sapper | 1 | |
103 total
» upgrades
| Abolish Magic | 1 | |
| Druid of the Talon Training | 1 | |
| Vorpal Blades | 1 | |
| Druid of the Claw Training | 2 | |
| Strength of the Wild | 1 | |
| Corrosive Breath | 1 | |
| Hippogryph Taming | 1 | |
| Improved Bows | 1 | |
9 total
» buildings
| Altar of Elders | 1 | |
| Moon Well | 7 | |
| Ancient of War | 2 | |
| Hunter's Hall | 1 | |
| Tree of Ages | 2 | |
| Ancient of Wonders | 2 | |
| Ancient of Lore | 1 | |
| Ancient of Wind | 1 | |
| Tree of Eternity | 2 | |
| Ancient Protector | 5 | |
| Chimaera Roost | 1 | |
| Tree of Life | 12 | |
37 total
» build order
00:07 Altar of Elders
00:18 Moon Well
00:59 Ancient of War
01:36 Moon Well
02:15 Ancient of War
03:15 Hunter's Hall
03:15 Tree of Ages
04:06 Moon Well
04:29 Ancient of Wonders
06:27 Ancient of Lore
07:07 Ancient of Wind
08:01 Moon Well
08:58 Moon Well
09:33 Tree of Eternity
10:07 Ancient Protector
10:15 Ancient Protector
10:31 Ancient Protector
13:41 Chimaera Roost
15:40 Moon Well
16:10 Tree of Life
16:19 Moon Well
16:40 Ancient Protector
16:54 Ancient Protector
17:18 Tree of Life
17:45 Tree of Life
21:40 Tree of Life
21:44 Tree of Life
21:59 Tree of Life
22:47 Tree of Life
28:40 Tree of Life
32:15 Tree of Life
33:11 Ancient of Wonders
35:13 Tree of Ages
40:36 Tree of Life
47:49 Tree of Eternity
50:47 Tree of Life
50:50 Tree of Life
» items
| Scroll of Healing | 1 | |
| Dust of Appearance | 1 | |
| Potion of Healing | 1 | |
3 total
team 2 (winner)
KeKeZergRush (
orange | 80 APM | 4606 actions | 57:31)
6 Mountain King
3 Storm Bolt
2 Bash
1 Avatar
5 Paladin
2 Holy Light
3 Divine Shield
» actions
| Assign group hotkey | 25 | |
| Basic commands | 14 | |
| Build / train | 125 | |
| ESC pressed | 4 | |
| Enter build submenu | 71 | |
| Enter hero's abilities submenu | 12 | |
| Give item / drop item | 3 | |
| Right click | 1913 | |
| Select / deselect | 566 | |
| Select group hotkey | 1650 | |
| Use ability | 222 | |
4606 total
» units
| Peasant | 15 | |
| Mortar Team | 21 | |
| Dragonhawk Rider | 6 | |
| Siege Engine | 8 | |
50 total
» upgrades
| Masonry | 2 | |
| Lumber Harvesting | 2 | |
| Flare | 1 | |
| Gunpowder | 3 | |
| Fragmentation Shards | 1 | |
| Cloud | 1 | |
| Armor | 3 | |
| Plating | 3 | |
| Barrage | 1 | |
17 total
» buildings
| Altar of Kings | 1 | |
| Lumber Mill | 1 | |
| Farm | 8 | |
| Scout Tower | 71 | |
| Arcane Tower | 1 | |
| Guard Tower | 35 | |
| Keep | 1 | |
| Blacksmith | 1 | |
| Workshop | 2 | |
| Castle | 1 | |
| Arcane Vault | 1 | |
| Gryphon Aviary | 1 | |
| Town Hall | 1 | |
| Cannon Tower | 1 | |
126 total
» build order
00:07 Altar of Kings
00:11 Lumber Mill
00:19 Farm
00:57 Farm
01:28 Scout Tower
01:29 Scout Tower
01:59 Arcane Tower
02:00 Guard Tower
02:00 Guard Tower
02:04 Scout Tower
02:21 Scout Tower
02:32 Guard Tower
03:47 Guard Tower
03:49 Scout Tower
03:52 Scout Tower
03:54 Scout Tower
04:21 Guard Tower
04:23 Guard Tower
04:28 Scout Tower
04:29 Scout Tower
04:30 Scout Tower
04:57 Guard Tower
04:59 Keep
05:02 Scout Tower
05:04 Scout Tower
05:17 Guard Tower
05:20 Guard Tower
05:30 Scout Tower
05:31 Scout Tower
05:33 Scout Tower
05:33 Scout Tower
05:35 Scout Tower
05:45 Farm
05:55 Scout Tower
06:06 Scout Tower
06:08 Scout Tower
06:24 Guard Tower
06:58 Blacksmith
07:06 Guard Tower
07:11 Scout Tower
07:12 Scout Tower
07:15 Scout Tower
07:28 Guard Tower
07:31 Guard Tower
08:04 Scout Tower
08:05 Scout Tower
08:20 Guard Tower
08:26 Workshop
08:48 Scout Tower
08:49 Scout Tower
09:00 Workshop
09:10 Farm
09:11 Farm
09:14 Farm
10:51 Guard Tower
11:32 Scout Tower
11:33 Scout Tower
12:18 Guard Tower
12:21 Scout Tower
12:22 Scout Tower
13:15 Guard Tower
13:34 Scout Tower
13:35 Scout Tower
13:36 Scout Tower
13:51 Castle
14:21 Guard Tower
14:26 Scout Tower
14:27 Scout Tower
15:20 Guard Tower
16:03 Scout Tower
16:03 Scout Tower
16:12 Guard Tower
16:18 Scout Tower
16:19 Scout Tower
16:21 Scout Tower
16:22 Scout Tower
18:40 Guard Tower
18:46 Guard Tower
19:06 Arcane Vault
19:28 Gryphon Aviary
19:48 Farm
19:49 Farm
21:03 Scout Tower
21:04 Scout Tower
21:04 Scout Tower
21:06 Scout Tower
21:06 Scout Tower
22:46 Town Hall
22:53 Scout Tower
22:55 Scout Tower
22:56 Scout Tower
22:57 Scout Tower
22:58 Scout Tower
22:59 Scout Tower
23:02 Scout Tower
23:03 Scout Tower
23:04 Scout Tower
23:07 Scout Tower
23:26 Guard Tower
23:29 Cannon Tower
23:50 Guard Tower
24:04 Guard Tower
24:16 Guard Tower
24:19 Guard Tower
24:22 Scout Tower
24:23 Scout Tower
24:23 Scout Tower
24:24 Scout Tower
24:25 Scout Tower
24:26 Scout Tower
24:29 Guard Tower
24:45 Guard Tower
26:24 Guard Tower
27:58 Guard Tower
35:30 Scout Tower
35:30 Scout Tower
36:05 Scout Tower
36:07 Scout Tower
36:08 Scout Tower
36:09 Scout Tower
36:09 Scout Tower
36:46 Guard Tower
37:16 Guard Tower
37:45 Guard Tower
37:47 Scout Tower
38:18 Guard Tower
» items
| Lesser Clarity Potion | 1 | |
| Healing Salve | 1 | |
| Scroll of Town Portal | 2 | |
| Staff of Teleportation | 1 | |
| Staff of Sanctuary | 1 | |
6 total
SERIOUSCRAFT (
pink | 47 APM | 2723 actions | 57:33)
7 Blademaster
3 Wind Walk
3 Critical Strike
1 Bladestorm
» actions
| Assign group hotkey | 17 | |
| Basic commands | 3 | |
| Build / train | 64 | |
| Enter build submenu | 27 | |
| Enter hero's abilities submenu | 7 | |
| Give item / drop item | 11 | |
| Remove unit from queue | 3 | |
| Right click | 1667 | |
| Select / deselect | 322 | |
| Select group hotkey | 431 | |
| Use ability | 171 | |
2723 total
» units
» upgrades
| Spiked Barricades | 1 | |
| Ranged Weapons | 3 | |
| Liquid Fire | 1 | |
| Reinforced Defenses | 1 | |
| Armor | 2 | |
8 total
» buildings
| Altar of Storms | 1 | |
| Orc Burrow | 5 | |
| War Mill | 1 | |
| Voodoo Lounge | 1 | |
| Watch Tower | 18 | |
| Stronghold | 1 | |
| Beastiary | 4 | |
| Fortress | 1 | |
32 total
» build order
00:09 Altar of Storms
00:21 Orc Burrow
00:52 War Mill
01:17 Voodoo Lounge
02:07 Watch Tower
02:36 Watch Tower
02:48 Orc Burrow
03:25 Watch Tower
03:35 Watch Tower
03:48 Watch Tower
04:34 Watch Tower
05:07 Stronghold
05:15 Watch Tower
05:27 Watch Tower
05:33 Watch Tower
06:22 Watch Tower
07:10 Watch Tower
07:14 Watch Tower
07:33 Watch Tower
07:41 Beastiary
07:44 Beastiary
07:45 Beastiary
08:08 Beastiary
09:06 Orc Burrow
09:07 Orc Burrow
09:40 Fortress
09:43 Orc Burrow
14:03 Watch Tower
14:05 Watch Tower
14:05 Watch Tower
24:53 Watch Tower
24:53 Watch Tower
» items
| Healing Salve | 2 | |
| Lesser Clarity Potion | 2 | |
| Boots of Speed | 1 | |
| Staff of Teleportation | 1 | |
| Potion of Lesser Invulnerability | 5 | |
| Orb of Lightning | 3 | |
14 total
Chat log
(01:07 / Allies) KeKeZergRush: well i block my shit off
(01:11 / Allies) KeKeZergRush: until i chop through
(01:46 / Allies) KeKeZergRush: scouted
(02:17 / Allies) KeKeZergRush: where did wisp go?
(02:25 / Allies) KeKeZergRush: gilderbase?
(06:46 / Allies) KeKeZergRush: saw it
(06:47 / Allies) KeKeZergRush: damn wells
(07:21 / Allies) KeKeZergRush: lumber issue
(18:56 / Allies) KeKeZergRush: nope
(20:31 / Allies) KeKeZergRush: boots
(20:32 / Allies) KeKeZergRush: nice'
(20:43 / Allies) KeKeZergRush: agil 6 for you
(21:17 / Allies) KeKeZergRush: bat his bats
(21:56 / Allies) KeKeZergRush: sending
(22:16 / Allies) KeKeZergRush: dont want to see workers
(24:51 / Allies) KeKeZergRush: shit
(26:29 / Allies) KeKeZergRush: none atm
(27:21 / Allies) KeKeZergRush: sorry losti n rush
(27:25 / Allies) KeKeZergRush: flaring
(27:44 / Allies) KeKeZergRush: going up there
(27:50 / Allies) KeKeZergRush: hawk already 1/2 done
(28:06 / Allies) KeKeZergRush: rallied up there
(28:38 / Allies) KeKeZergRush: cant do that
(29:03 / Allies) KeKeZergRush: v nice
(32:10 / Allies) KeKeZergRush: make bats for these chims
(32:13 / Allies) KeKeZergRush: and hipps
(33:55 / Allies) KeKeZergRush: easy demos
(38:22 / Allies) KeKeZergRush: which?
(39:01 / Allies) KeKeZergRush: can u buy orb for pala
(40:36 / Allies) KeKeZergRush: kk
(41:28 / Allies) KeKeZergRush: wanna rape that chim
(42:07 / Allies) KeKeZergRush: i didnt touch him
(42:09 / Allies) KeKeZergRush: just pinged
(42:12 / Allies) KeKeZergRush: i was controlling my unit
(44:02 / Allies) KeKeZergRush: just gonna start replacing morts with tanks
(47:09 / Allies) KeKeZergRush: care hipps
(47:28 / Allies) KeKeZergRush: only 500 left
(48:02 / Allies) KeKeZergRush: kill all morts
(48:05 / Allies) KeKeZergRush: or wait out mine
(50:49 / Allies) KeKeZergRush: got tree here
(51:28 / Allies) KeKeZergRush: only 1 k gold left
(51:29 / Allies) KeKeZergRush: more tanks?
(52:43 / Allies) KeKeZergRush: gonna have 10
(52:46 / Allies) KeKeZergRush: total
(52:57 / Allies) KeKeZergRush: no money to expo
(53:36 / Allies) KeKeZergRush: 10 tanks
(53:51 / Allies) KeKeZergRush: and 1 mg and archer
(54:25 / Allies) KeKeZergRush: yep
(55:58 / Allies) KeKeZergRush: not making blade
(56:15 / Allies) KeKeZergRush: only got 120
(56:18 / Allies) KeKeZergRush: 380 for hall
(56:27 / Allies) KeKeZergRush: all hipps dead
(56:34 / Allies) KeKeZergRush: can sell health stone for 225
(56:36 / Allies) KeKeZergRush: yes
(57:23 / Allies) KeKeZergRush: kotg and got avatar
(57:25 / Allies) KeKeZergRush: dead